 Dungeon Crawl Stone Soup version 0.19.5 (webtiles) character file.

659 tricornhat the Cudgeler (level 7, -1/81 HPs)
             Began as a Demonspawn Berserker on Apr 23, 2017.
             Was a Believer of Trog.
             Shot with an arrow by a centaur (4 damage)
             ... on level 5 of the Dungeon on Apr 25, 2017.
             The game lasted 00:26:24 (4487 turns).

tricornhat the Cudgeler (Demonspawn Berserker)      Turns: 4487, Time: 00:26:25

Health: -1/81      AC:  9    Str: 25    XL:     7   Next: 30%
Magic:  0/7        EV: 12    Int:  8    God:    Trog [**....]
Gold:   232        SH:  0    Dex: 12    Spells: 0 memorised, 6 levels left

rFire  . . .     SeeInvis .     a - +1 mace
rCold  . . .     Gourm    .     m - +1 ring mail
rNeg   . . .     Faith    .     (no shield)
rPois  .         Spirit   +     (no helmet)
rElec  .         Reflect  .     (no cloak)
rCorr  .         Harm     .     (no gloves)
MR     .....                    (no boots)
Stlth  ..........               (no amulet)
                                (no ring)
                                g - ring of stealth

@: berserking (expiring), very quick
A: slimy green scales 2, magic shield
a: Berserk, Trog's Hand, Burn Spellbooks, Renounce Religion


You were on level 5 of the Dungeon.
You worshipped Trog.
Trog was pleased with you.
You were not hungry.

You visited 1 branch of the dungeon, and saw 5 of its levels.

You collected 232 gold pieces.

Inventory:

Hand Weapons
 a - a +1 mace (weapon)
 b - a +0 arbalest
Armour
 d - a +0 leather armour
 e - a +0 leather armour
 m - a +1 ring mail (worn)
 u - a +0 animal skin
Jewellery
 g - a ring of stealth (left hand)
Wands
 v - a wand of polymorph (8/24)
Scrolls
 f - a scroll of identify
 l - a scroll of fog {unknown}
 n - 2 scrolls of remove curse
Potions
 h - a potion of lignification {unknown}
 i - a potion of invisibility {unknown}
 j - a potion of degeneration {unknown}
 o - 3 potions of mutation
 p - a potion of agility {unknown}
 t - a potion of flight {unknown}
Comestibles
 c - a bread ration
 q - 4 meat rations


   Skills:
 + Level 4.0 Fighting
 * Level 6.5 Maces & Flails
 + Level 2.8 Armour
 + Level 2.6 Dodging
 + Level 1.0 Stealth


You had 6 spell levels left.
You didn't know any spells.

Dungeon Overview and Level Annotations

Branches:
Dungeon (5/15)             Temple (0/1) D:4

Altars:
Ashenzari
Makhleb
Xom
Yredelemnul
The Shining One


Innate Abilities, Weirdness & Mutations

You are mostly covered in slimy green scales. (AC +3)
When hurt, damage is shared between your health and your magic reserves.


Message History

The centaur shouts!
The centaur shoots an arrow.
The arrow hits you!
The centaur wields a glowing shortbow.
The centaur shoots an arrow.
The arrow hits you!
* * * LOW HITPOINT WARNING * * *
x2 You see here 2 arrows.
Okay, then.
Okay, then.
A red film seems to cover your vision as you go berserk!
You feel yourself moving faster!
You feel mighty!
You feel a lot more hungry.
The centaur shoots an arrow.
The arrow barely misses you.
The centaur shoots an arrow.
The arrow hits you!
* * * LOW HITPOINT WARNING * * *
x2 You feel a strong urge to attack something.
The centaur shoots an arrow.
The arrow hits you but does no damage.
The centaur shoots an arrow.
The arrow hits you!
* * * LOW HITPOINT WARNING * * *
x2 You see here 2 arrows.
The centaur shoots an arrow.
The arrow hits you.
You die...

###########
#.........#
#.........#
#....cc...#
#.........#
#.........###
#....@......#
#....(....#.#
#....(....#
#....(....#
##..((.####
#.....#
#.....#
#.....#
#.....#


You could see 2 centaurs.

Vanquished Creatures
  An ice beast (D:5)
  An ogre (D:3)
  A scorpion (D:5)
  A howler monkey (D:4)
  2 hounds
  An orc priest (D:3)
  Ijyb (D:3)
  2 iguanas (D:4)
  A worker ant (D:4)
  Natasha (thrice) (D:3)
  3 gnolls (D:2)
  4 adders
  3 worms (D:2)
  A dart slug (D:4)
  2 leopard geckos
  4 orcs
  3 bats
  A giant cockroach (D:1)
  9 goblins
  5 hobgoblins
  3 jackals (D:1)
  6 kobolds
  A ball python (D:1)
  2 frilled lizards
  7 rats
68 creatures vanquished.

Notes
Turn   | Place    | Note
-------+----------+-------------------------------------------
     0 | D:1      | tricornhat the Demonspawn Berserker began the quest for the Orb.
     0 | D:1      | Reached XP level 1. HP: 18/18 MP: 1/1
   317 | D:1      | Gained mutation: You are partially covered in slimy green scales. (AC +2) [demonic ancestry]
   317 | D:1      | Reached XP level 2. HP: 24/24 MP: 2/2
   521 | D:1      | Reached skill level 3 in Maces & Flails
   772 | D:1      | Reached ** piety under Trog
  1060 | D:2      | Reached XP level 3. HP: 22/29 MP: 3/3
  1530 | D:2      | Reached skill level 4 in Maces & Flails
  1538 | D:2      | Reached XP level 4. HP: 31/35 MP: 4/4
  2045 | D:2      | Found a burning altar of Makhleb.
  2111 | D:2      | Found a basalt altar of Yredelemnul.
  2122 | D:2      | Found a shattered altar of Ashenzari.
  2129 | D:2      | Found a glowing golden altar of the Shining One.
  2132 | D:2      | Found a shimmering altar of Xom.
  2784 | D:3      | Gained mutation: When hurt, damage is shared between your health and your magic reserves. [demonic ancestry]
  2784 | D:3      | Reached XP level 5. HP: 41/41 MP: 5/5
  3016 | D:3      | Noticed Natasha
  3024 | D:3      | Killed Natasha
  3066 | D:3      | Noticed Natasha
  3081 | D:3      | Killed Natasha
  3441 | D:3      | Noticed Ijyb
  3452 | D:3      | Killed Ijyb
  3452 | D:3      | Reached skill level 5 in Maces & Flails
  3582 | D:3      | Noticed Natasha
  3588 | D:3      | Killed Natasha
  3588 | D:3      | Gained mutation: You are mostly covered in slimy green scales. (AC +3) [demonic ancestry]
  3588 | D:3      | Reached XP level 6. HP: 43/48 MP: 4/6
  4047 | D:4      | Reached skill level 6 in Maces & Flails
  4129 | D:4      | Found a staircase to the Ecumenical Temple.
  4306 | D:4      | Reached XP level 7. HP: 53/53 MP: 7/7
  4334 | D:5      | Entered Level 5 of the Dungeon
  4419 | D:5      | Reached skill level 1 in Stealth
  4486 | D:5      | HP: 3/81 [centaur/arrow (2)]
  4487 | D:5      | Shot with an arrow by a centaur

Skill      XL: |  1  2  3  4  5  6  7 |
---------------+----------------------+-----
Dodging        | 2 |  2.6
Maces & Flails | 3 4 5 6 |  6.5
Armour         | 2 |  2.8
Fighting       | 4 |  4.0
Stealth        | 1 |  1.0

Action                   |  1- 3 |  4- 6 |  7- 9 || total
-------------------------+-------+-------+-------++-------
Melee: Mace              |   100 |   153 |    34 ||   287
Invok: Berserk           |     1 |     6 |     2 ||     9
  Use: Scroll            |       |     7 |       ||     7
 Stab: Distracted        |     1 |       |       ||     1
  Eat: Chunk             |     3 |     5 |       ||     8
       Bread ration      |       |     2 |     1 ||     3
Armor: Leather armour    |    27 |       |       ||    27
       Animal skin       |     2 |       |       ||     2
       Ring mail         |       |    62 |    13 ||    75
Dodge: Dodged            |    61 |    84 |    19 ||   164
